 Dungeon Crawl Stone Soup version 0.30-b1-2-g02819fbbbe (webtiles) character file.

Game seed: 11394825829818135952

117 Arcadio the Trooper (level 4, -2/61 HPs)
             Began as a Minotaur Berserker on May 8, 2023.
             Was a Believer of Trog.
             Slain by a gnoll
             ... wielding a +0 flail
              (10 damage)
             ... on level 2 of the Dungeon.
             The game lasted 00:03:15 (2313 turns).

Arcadio the Trooper (Minotaur Berserker)            Turns: 2313, Time: 00:03:15

Health: -2/61      AC:  2    Str: 24    XL:     4   Next: 71%
Magic:  3/3        EV: 12    Int: 10    God:    Trog [**....]
Gold:   117        SH:  0    Dex:  9    Spells: 3/3 levels left

rFire   . . .        a - +0 hand axe
rCold   . . .        (no shield)
rNeg    . . .        b - +0 animal skin
rPois   .            (helmet restricted)
rElec   .            (no cloak)
rCorr   .            (no gloves)
SInv    .            (no boots)
Will    .....        (no amulet) Stlth
                     j - +6 ring of intelligence
HPRegen 0.30/turn    (no ring)
MPRegen 0.08/turn

%: no passive effects
@: berserking, very quick
A: horns 2, retaliatory headbutt
a: Renounce Religion, Berserk, Trog's Hand


You were on level 2 of the Dungeon.
You worshipped Trog.
Trog was pleased with you.
You visited 1 branch of the dungeon, and saw 3 of its levels.

You collected 117 gold pieces.

Inventory:

Hand Weapons
 a - a +0 hand axe (weapon)
Armour
 b - a +0 animal skin (worn)
Jewellery
 j - a +6 ring of intelligence (left hand)
Scrolls
 e - a scroll of amnesia {unknown}
 f - 2 scrolls of identify {unknown}
 g - 2 scrolls of blinking {unknown}
 h - a scroll of torment {unknown}
 o - 3 scrolls of silence {unknown}
 p - a scroll of teleportation {unknown}
 q - a scroll of poison {unknown}
Potions
 c - 3 potions of brilliance {unknown}
 d - a potion of flight {unknown}
 i - a potion of degeneration {unknown}
 k - a potion of heal wounds {unknown}
 l - 2 potions of curing {unknown}
 m - a potion of berserk rage {unknown}
 n - a potion of attraction {unknown}


   Skills:
 + Level 4.8 Fighting
 + Level 4.8 Axes
 + Level 4.0 Armour
 - Level 2.1 Dodging


You had 3 spell levels left.
You didn't know any spells.
Your spell library was empty.

Dungeon Overview and Level Annotations

Branches:
Dungeon (3/15) Zot: 15670

Altars:

Shops:
D:1 *

Annotations:
D:2 1 runed translucent door, Crazy Yiuf


Innate Abilities, Weirdness & Mutations

You have a pair of horns on your head.
You reflexively headbutt those who attack you in melee.


Message History

Your Armour skill increases to level 4!
You see here a +0 whip.
You start resting.
HP restored.
There is a stone staircase leading down, spattered with blood here.
There is a stone staircase leading up here.
There is a stone staircase leading down here.
You climb downwards.
The dart slug launches a dart at you. The slug dart misses you.
There is a stone staircase leading up here.
The dart slug launches a dart at you. The slug dart misses you.
You climb upwards.
Level annotation: 1 runed translucent door, Crazy Yiuf
There is a stone staircase leading down here.
You climb downwards.
The orc hits you with a +3 hand axe. The gnoll hits you with a +0 flail!
There is a stone staircase leading up here.
The orc barely misses you. The gnoll hits you with a +0 flail!
You climb upwards.
Level annotation: 1 runed translucent door, Crazy Yiuf
There is a stone staircase leading down here.
You closely miss the orc. You hit the gnoll.
The orc hits you with a +3 hand axe. The gnoll misses you.
You hit the orc.
The orc is heavily wounded.
You barely miss the gnoll.
The orc cheers loudly.
The orc barely misses you. The gnoll hits you with a +0 flail!
* * * LOW HITPOINT WARNING * * *
You closely miss the orc.
The orc is heavily wounded.
You hit the gnoll. The orc misses you. The gnoll barely misses you.
A red film seems to cover your vision as you go berserk!
You feel yourself moving faster!
You feel mighty! The orc hits you with a +3 hand axe.
* * * LOW HITPOINT WARNING * * *
The gnoll hits you with a +0 flail!
You die...

....#####.######.#########.######
....## #.# #.# #.# .....# #.# #.#
#.# .....####.######.# #.#
...............#.#########.##
.....####.####.#.#.†......#.##
.....# #.# #.#.#.#####.###.####
##.### #.# #)#g#.# #.## ##....
#.######.# #.#@#.# ##.###.####
#........# #.#o#.# ##.#......
########## #.#.#.# ##.######
#.#.#.# ### # ####### #.#.#.#
######### ......# #.#.#.#
#.......# #####.#
#.#.#.######.#####.# #.#
#...............##.# #####.######
#####.####.#........


You could see a gnoll and an orc.

Vanquished Creatures
  Jessica (D:2)
  A gnoll (D:2)
  2 adders (D:2)
  3 worms (D:2)
  2 dart slugs (D:3)
  2 ball pythons (D:1)
  5 endoplasms
  A giant cockroach (D:1)
  5 goblins
  2 hobgoblins (D:1)
  11 jackals (D:2)
  5 kobolds
  A quokka (D:1)
  3 bats
  4 rats
48 creatures vanquished.

Notes
Turn   | Place    | Note
-------+----------+-------------------------------------------
     0 | D:1      | Arcadio the Minotaur Berserker began the quest for the Orb.
     0 | D:1      | Reached XP level 1. HP: 19/19 MP: 0/0
   174 | D:1      | Found Cuisch's Assorted Antiques.
   302 | D:1      | Reached XP level 2. HP: 27/27 MP: 1/1
  1019 | D:2      | Reached XP level 3. HP: 33/33 MP: 2/2
  1139 | D:2      | Reached ** piety under Trog
  1383 | D:2      | Noticed Jessica
  1411 | D:2      | Killed Jessica
  1412 | D:2      | Reached XP level 4. HP: 29/41 MP: 3/3
  1637 | D:2      | Found a runed translucent door.
  1638 | D:2      | Noticed Crazy Yiuf
  2313 | D:2      | Slain by a gnoll

Illustrated notes

Levels and vault maps discovered:
D:1:      dpeg_arrival_radiant, layout_loops_corners, serial_shops, shop
D:2:      layout_loops_ring, uniq_crazy_yiuf_cottage, uniq_jessica
D:3:      kennysheep_slugbush, layout_basic, ebering_dispersal_statue_hall,
          uniq_terence

Skill      XL: |  1  2  3  4 |
---------------+-------------+-----
Fighting       | 4 |  4.8
Axes           | 4 |  4.8
Armour         | 3 4 |  4.0
Dodging        | |  2.1

Action                     |  1- 3 |  4- 6 || total
---------------------------+-------+-------++-------
  Melee: Hand axe          |    80 |    41 ||   121
         Headbutt          |    12 |     7 ||    19
 Invoke: Berserk           |       |     1 ||     1
 Armour: Animal skin       |    21 |     3 ||    24
  Dodge: Dodged            |    44 |    30 ||    74
